 Dungeon Crawl Stone Soup version 0.30-a0-358-g0d69a1922f (webtiles) character file.

Game seed: 15234716141119083658

147 Essalna the Firebug (level 5, -14/32 HPs)
             Began as a Gargoyle Fire Elementalist on Nov 11, 2022.
             Was an Initiate of Vehumet.
             Demolished by an ogre
             ... wielding a +0 giant club
              (25 damage)
             ... on level 4 of the Dungeon.
             The game lasted 00:07:15 (3886 turns).

Essalna the Firebug (Gargoyle Fire Elementalist)    Turns: 3886, Time: 00:07:15

Health: -14/32     AC:  6    Str: 12    XL:     5   Next: 29%
Magic:  1/8        EV: 11    Int: 17    God:    Vehumet [......]
Gold:   163        SH:  0    Dex: 10    Spells: 5/8 levels left

rFire   . . .      SeeInvis +    f - +1 rapier (elec)
rCold   . . .      Faith    .    (no shield)
rNeg    + . .      Spirit   .    a - +0 robe
rPois   ∞          Reflect  .    (no helmet)
rElec   +          Harm     .    (no cloak)
rCorr   .          Rampage  .    (no gloves)
Will    .....                    (no boots)
Stlth   ++........               (no amulet)
HPRegen 0.25/turn                o - ring of see invisible
MPRegen 0.11/turn                (no ring)

@: no status effects
A: sickness immunity, AC +4, negative energy resistance 1, electricity
resistance, torment resistance 1, petrification resistance
a: Renounce Religion


You were on level 4 of the Dungeon.
You worshipped Vehumet.
Vehumet was noncommittal.
You visited 2 branches of the dungeon, and saw 5 of its levels.

You collected 163 gold pieces.

Inventory:

Hand Weapons
 e - a +0 dagger
 f - a +1 rapier of electrocution (weapon)
Armour
 a - a +0 robe (worn)
Jewellery
 o - a ring of see invisible (left hand)
Wands
 n - a wand of mindburst (3)
Scrolls
 g - a scroll of amnesia {unknown}
 h - 2 scrolls of identify
 i - 2 scrolls of teleportation
 m - a scroll of blinking {unknown}
Potions
 b - a potion of magic
 c - 2 potions of heal wounds
 d - 2 potions of curing {unknown}
 j - 2 potions of brilliance {unknown}
 k - a potion of experience {unknown}
 l - a potion of berserk rage {unknown}


   Skills:
 + Level 2.8 Fighting
 - Level 1.5 Dodging
 - Level 2.1 Stealth
 - Level 2.0 Spellcasting
 + Level 3.1 Conjurations
 + Level 4.1 Fire Magic


You had 5 spell levels left.
You knew the following spells:

 Your Spells              Type           Power      Damage    Failure   Level
a - Foxfire               Conj/Fire      56%        2x1d6     4%          1
b - Scorch                Fire           30%        2d7       5%          2

Your spell library contained the following spells:

 Spells                   Type           Power      Damage    Failure   Level
 Magic Dart               Conj           48%        1d5       5%          1
 Inner Flame              Hex/Fire       8%         N/A       24%         3
 Call Imp                 Summ           1%         N/A       28%         2
 Kindle Blastsparks       Fire/Tloc/Air  12%        2d11      32%         3
 Mephitic Cloud           Conj/Pois/Air  5%         N/A       36%         3
 Flame Wave               Conj/Fire      14%        2d6       41%         4
 Spider Form              Tmut/Pois      1%         N/A       50%         3
 Dragon Form              Tmut           0%         N/A       100%        7
 Statue Form              Tmut/Erth      Unusable   N/A       N/A         6

Dungeon Overview and Level Annotations

Branches:
Dungeon (4/15)             Temple (1/1) D:4

Altars:
Ashenzari
Hepliaklqana
Kikubaaqudgha
Makhleb
Sif Muna
Trog
Vehumet
Wu Jian
Xom
Yredelemnul

Shops:
D:4 =(


Innate Abilities, Weirdness & Mutations

You are immune to sickness and miasma.
Your stone body is resilient. (AC +4)
You are immune to poison.
You resist negative energy. (rN+)
You are resistant to electric shocks. (rElec)
You are resistant to unholy torment.
You are immune to petrification.


Message History

You conjure some foxfire!
The ogre shouts!
The foxfire hits the ogre.
The ogre is lightly wounded.
You conjure some foxfire!
Casting: Foxfire (safe; 4% risk of failure)
Confirm with . or Enter, or press ? or * to list all spells.
You can't see any susceptible monsters within range! (Use Z to cast anyway.)
Casting: Foxfire (safe; 4% risk of failure)
Confirm with . or Enter, or press ? or * to list all spells.
There is not enough space to conjure foxfire!
The foxfire hits the ogre.
The ogre is lightly wounded.
Casting: Foxfire (safe; 4% risk of failure)
Confirm with . or Enter, or press ? or * to list all spells.
Flames lash the ogre.
The ogre is heavily wounded.
The ogre's fire resistance burns away.
Casting: Scorch (safe; 5% risk of failure)
Confirm with . or Enter, or press ? or * to list all spells.
Flames lash the ogre.
The ogre is heavily wounded.
Casting: Scorch (safe; 5% risk of failure)
Confirm with . or Enter, or press ? or * to list all spells.
You don't have enough magic to cast this spell.
Casting: Scorch (safe; 5% risk of failure)
Confirm with . or Enter, or press ? or * to list all spells.
You don't have enough magic to cast this spell.
You closely miss the ogre.
The ogre is heavily wounded.
The ogre barely misses you.
You completely miss the ogre. You punch the ogre, but do no damage.
The ogre is heavily wounded.
The ogre hits you with a +0 giant club!!
Ouch! That really hurt!
You hit the ogre.
The ogre is severely wounded.
The ogre hits you with a +0 giant club!!
Ouch! That really hurt!
You die...

.......#..###....#
......###.#.#####
#.######..####.##
#......#..∩.....#
##.#.#####..#
###.#..### #^....
#..###...# ##.####
#.#.#..#.# .#
...##@#.#.# .#
#.##. #O#.# # .#
.. .. #.#§# .. ##
#. ....# #. #.###
.. ..# .## .


You could see an ogre (combustible).

Vanquished Creatures
  A jelly (D:4)
  4 adders
  5 dart slugs
  An orc (D:3)
  11 endoplasms
  3 giant cockroaches
  4 goblins
  6 hobgoblins
  2 jackals (D:2)
  9 kobolds
  3 quokkas (D:1)
  4 ball pythons
  6 bats
  5 frilled lizards (D:2)
  2 rats
66 creatures vanquished.

Vanquished Creatures (collateral kills)
  5 foxfires (D:2)
5 creatures vanquished.

Vanquished Creatures (others)
  148 foxfires
  16 plants (D:2)
164 creatures vanquished.

Grand Total: 235 creatures vanquished

Notes
Turn   | Place    | Note
-------+----------+-------------------------------------------
     0 | D:1      | Essalna the Gargoyle Fire Elementalist began the quest for
                  | the Orb.
     0 | D:1      | Reached XP level 1. HP: 10/10 MP: 3/3
   230 | D:1      | Reached XP level 2. HP: 3/16 MP: 1/5
   368 | D:1      | Reached skill level 1 in Fighting
  1134 | D:2      | Reached XP level 3. HP: 20/20 MP: 3/6
  2181 | D:2      | Learned a level 2 spell: Scorch
  2223 | D:2      | Reached XP level 4. HP: 26/26 MP: 1/7
  3347 | D:3      | Got the Folio of Evolution
  3530 | D:3      | Found a bloodstained altar of Trog.
  3571 | D:4      | Found Fochafas's Jewellery Emporium.
  3582 | D:4      | Reached skill level 4 in Fire Magic
  3591 | D:4      | Found a shimmering altar of Xom.
  3592 | D:4      | Noticed a scorpion
  3623 | D:4      | Found a staircase to the Ecumenical Temple.
  3632 | Temple   | Entered the Ecumenical Temple
  3659 | Temple   | Became a worshipper of Vehumet
  3700 | D:4      | Reached XP level 5. HP: 29/31 MP: 8/8
  3821 | D:4      | Found Cuhu's Antique Weapon Shop.
  3877 | D:4      | Noticed an ogre
  3886 | D:4      | Demolished by an ogre

Illustrated notes

Levels and vault maps discovered:
D:1:      minmay_arrival_stair_chambers, layout_basic
D:2:      layout_loops_corners, serial_bayou, serial_bayou_pond_e,
          serial_bayou_lake_a, serial_bayou_pond_c, serial_bayou_crossing,
          minmay_fractal_squares_gapless_5
D:3:      layout_loops_corners, lightli_temple_of_fire
D:4:      layout_loops_ring, mainiacjoe_overflow_alcove_1, xom_teletrap_fun,
          minmay_temple_entry_mist, serial_shops, shop,
          nicolae_shop_competitors_out_of_business, shop_coins, minmay_unequal
Temple:   nicolae_temple_bog_church

Skill      XL: |  1  2  3  4  5 |
---------------+----------------+-----
Fighting       | 1 2 |  2.8
Conjurations   | 2 3 |  3.1
Fire Magic     | 4 |  4.1
Dodging        | |  1.5
Stealth        | |  2.1
Spellcasting   | |  2.0

Action                   |  1- 3 |  4- 6 || total
-------------------------+-------+-------++-------
Melee: Unarmed           |    16 |       ||    16
       Dagger            |    16 |       ||    16
       Rapier            |    39 |    56 ||    95
       Punch             |     1 |     1 ||     2
 Cast: Foxfire           |    75 |    23 ||    98
       Scorch            |       |     7 ||     7
  Use: Potion            |     2 |       ||     2
       Scroll            |     2 |     6 ||     8
 Stab: Sleeping          |     1 |     2 ||     3
Armor: Robe              |    40 |    20 ||    60
Dodge: Dodged            |    70 |    42 ||   112

Table legend: (Time is in decaauts)
 A = Elapsed time spent in this place.
 B = Non-inter-level travel time spent in this place.
 C = Inter-level travel time spent in this place.
 D = Time resting spent in this place.
 E = Time spent auto-exploring this place.
 F = Levels seen in this place.
 G = Mean time per level.
                   A        B        C        D        E       F      G
               +--------+--------+--------+--------+--------+-----+--------+
         Total |   3971 |   3852 |    119 |      0 |   3289 |   5 |  794.2 |
       Dungeon |   3929 |   3823 |    106 |      0 |   3268 |   4 |  982.2 |
        Temple |     41 |     28 |     13 |      0 |     21 |   1 |   41.0 |
               +--------+--------+--------+--------+--------+-----+--------+

Top non-repeatable levels by time:
     D:2: 1795 daAuts
     D:3: 950 daAuts
     D:1: 897 daAuts
     D:4: 286 daAuts
  Temple: 41 daAuts
